 Dungeon Crawl Stone Soup version 0.19-a0-1210-g5c1aa26 (webtiles) character file.

461931 st0uf the Axe Maniac (level 23, -2/229 HPs)
             Began as a Minotaur Chaos Knight on Aug 20, 2016.
             Killed by Shatter
             ... invoked by Jorgrun
              (113 damage)
             ... on level 1 of the Crypt on Aug 22, 2016.
             The game lasted 05:37:20 (44411 turns).

st0uf the Axe Maniac (Minotaur Chaos Knight)       Turns: 44411, Time: 05:37:21

Health: -2/229     AC: 34    Str: 43    XL:     23   Next: 9%
Magic:  34/34      EV:  2    Int:  6    God:    Xom [..*...]
Gold:   5229       SH:  0    Dex: 22    Spells: 0 memorised, 22 levels left

rFire  + + .     SeeInvis .     Z - +5 trident "Hauwn" {freeze, rN++}
rCold  + . .     Gourm    +     Q - +4 plate armour of Context {Int-5 Dex+6}
rNeg   + + +     Faith    .     y - +2 shield {rN+}
rPois  ∞         Spirit   .     (helmet restricted)
rElec  .         Dismiss  .     o - +2 cloak
rCorr  .         Reflect  .     (no gloves)
MR     +....     Harm     .     K - +1 pair of boots
Stlth  .......... Rnd*Tele +    T - amulet "Nievvac" {Gourm *Drain Str+10}
                                O - ring "Giprom" {rF+ MP+9 AC+3 Str+2}
                                L - +6 ring of strength

@: about to teleport, petrified, flayed
A: retaliatory headbutt, horns 2, talons 1, slimy green scales 1, agile 2,
clever 1, cold resistance 1, fire resistance 1, mutation resistance 1,
teleportitis 1, sturdy frame 1
a: Renounce Religion
}: 3/15 runes: barnacled, silver, gossamer


You were on level 1 of the Crypt.
You worshipped Xom.
You were a toy of Xom.
You were very full.

You visited 9 branches of the dungeon, and saw 41 of its levels.
You also visited: Ossuary and Ice Cave.

You collected 5528 gold pieces.
You spent 299 gold pieces at shops.

Inventory:

Hand Weapons
 a - a +9 hand axe of chaos
 e - the +7 battleaxe "Govotibb" {flame, +Blink}
   (You found it on level 6 of the Lair of Beasts)

   It has been specially enchanted to burn those struck by it, causing extra
   injury to most foes and up to half again as much damage against particularly
   susceptible opponents.
   Big, fiery blades are also staple armaments of hydra-hunters.
   It lets you blink.
 z - a +4 eveningstar of holy wrath
 M - the +9 war axe of Urgency {chop, Dex+4}
   (You found it on level 4 of the Shoals)

   It inflicts extra damage upon your enemies.
   It affects your dexterity (+4).
 Z - the +5 trident "Hauwn" (weapon) {freeze, rN++}
   (You found it on level 3 of the Elven Halls)

   It has been specially enchanted to freeze those struck by it, causing extra
   injury to most foes and up to half again as much damage against particularly
   susceptible opponents.
   It can also slow down cold-blooded creatures.
   It greatly protects you from negative energy.
Armour
 o - a +2 cloak (worn)
 y - a +2 shield of positive energy (worn)
 K - a +1 pair of boots (worn)
 Q - the +4 plate armour of Context (worn) {Int-5 Dex+6}
   (You found it on level 8 of the Dungeon)

   It affects your intelligence (-5).
   It affects your dexterity (+6).
 U - a +5 shield of reflection
Rods
 R - a +3 lightning rod (13/13)
   (You found it on level 2 of the Elven Halls)
Jewellery
 f - an uncursed amulet of regeneration
 k - an uncursed ring of protection from magic
 l - a +4 amulet of reflection
 n - an uncursed ring of resist corrosion
 q - an uncursed ring of flight
 r - an uncursed ring of protection from cold
 D - an uncursed ring of protection from cold
 L - a +6 ring of strength (left hand)
 N - a +3 amulet of reflection
 O - the ring "Giprom" (right hand) {rF+ MP+9 AC+3 Str+2}
   (You acquired it on level 4 of the Shoals)

   [ring of protection]

   It affects your AC (+3).
   It affects your strength (+2).
   It protects you from fire.
   It affects your magic capacity (+9).
 T - the amulet "Nievvac" (around neck) {Gourm *Drain Str+10}
   (Xom gifted it to you on level 9 of the Dungeon)

   [amulet of the gourmand]

   It allows you to eat raw meat even when not hungry.
   It affects your strength (+10).
   It causes draining when unequipped.
Wands
 p - a wand of digging (13/24)
 w - a wand of teleportation (4/9)
Scrolls
 b - 2 scrolls of summoning
 d - 28 scrolls of remove curse
 g - 2 scrolls of fear
 m - 8 scrolls of magic mapping
 s - 9 scrolls of recharging
 u - 3 scrolls of silence
 A - 4 scrolls of fog
 E - a scroll of enchant armour
 I - 17 scrolls of identify
 S - 6 scrolls of teleportation
 V - 5 scrolls of blinking
Potions
 h - 3 potions of brilliance
 j - a potion of cancellation
 t - 2 potions of resistance
 v - 3 potions of haste
 B - 9 potions of flight
 C - 3 potions of magic
 F - 8 potions of agility
 G - 6 potions of ambrosia
 H - 17 potions of curing
 J - 2 potions of invisibility
 P - 3 potions of berserk rage
 W - 4 potions of heal wounds
 X - 2 potions of cure mutation
 Y - 3 potions of might
Comestibles
 c - 22 bread rations
 i - 11 royal jellies
 x - 2 beef jerkies


   Skills:
 + Level 23.8 Fighting
 O Level 27 Axes
 + Level 19.3 Armour
 + Level 10.1 Dodging
 + Level 20.0 Shields
 + Level 2.0 Unarmed Combat
 + Level 4.0 Evocations


You had 22 spell levels left.
You didn't know any spells.

Dungeon Overview and Level Annotations

Branches:
Dungeon (15/15)            Temple (1/1) D:6            Lair (6/6) D:10
 Shoals (4/4) Lair:2       Spider (4/4) Lair:3        Slime (0/5) Lair:6
    Orc (2/2) D:11            Elf (3/3) Orc:2        Vaults (5/5) D:13
  Crypt (1/3) Vaults:2     Depths (0/5) D:15

Altars:
Ashenzari
Cheibriados
Dithmenos
Elyvilon
Fedhas
Gozag
Hepliaklqana
Kikubaaqudgha
Makhleb
Nemelex Xobeh
Okawaru
Qazlal
Ru
Sif Muna
Trog
Uskayaw
Vehumet
Xom
Yredelemnul
Zin
The Shining One
Jiyva

Shops:
D:9 (   Orc:1 }   Orc:2 }??*

Annotations:
D:7 Erica
D:13 exclusion: 2 doors
Lair:6 1 runed door
Crypt:1 Jorgrun


Innate Abilities, Weirdness & Mutations

You reflexively headbutt those who attack you in melee.
You have a pair of horns on your head.
You have sharp toenails.
You are partially covered in slimy green scales. (AC +2)
You are very agile. (Dex +4)
Your mind is acute. (Int +2)
Your flesh is cold resistant. (rC+)
Your flesh is heat resistant. (rF+)
You are somewhat resistant to further mutation.
You are occasionally teleported next to monsters.
Your movements are slightly less encumbered by armour. (ER -2)


Message History

The flayed ghost cries, "Feel what I felt!"
Terrible wounds open up all over your body!
A dwarf zombie comes into view.
Jorgrun gestures at you while chanting.
You are slowing down.
As you read the scroll of teleportation, it crumbles to dust.
You feel strangely unstable. Jorgrun casts a spell at you.
You resist with some effort.
Your limbs are stiffening.
Attack whom?
Press: ? - help, Dir - move target cursor, f/p - Jorgrun
Aim: Jorgrun, wielding a quarterstaff of crushing and wearing a runed robe (lightly wounded)
You reach to attack!
You impale Jorgrun!! You freeze Jorgrun!
Jorgrun is heavily wounded.
You have turned to stone.
Jorgrun mumbles some strange words.
The dungeon rumbles around Jorgrun!
You shudder from the earth-shattering force.
You die...
Xom is highly amused!

#...##
...........(..........
#....#
.....###.##########.#..
#....# ..... #.# #
##...# .... #.# #.###
... #)# #.. # ... #.###
.... #...######[..#
..... ......Wg.....#
.....###.....##@....#
##...# #.#.. #...###
... #.....# ..W
>....Z... #. ...#...###
# #.....### .......
...##.##


You could see Jorgrun, a flayed ghost and a dwarf zombie.

Vanquished Creatures
  A greater mummy (Crypt:1)
  Bai Suzhen (Spider:3)
  2 golden dragons (Vaults:5)
  Arachne (Spider:3)
  Rupert (Lair:4)
  A tentacled monstrosity (Vaults:5)
  2 deep elf blademasters
  2 deep elf master archers (Elf:3)
  5 titans (Vaults:5)
  4 sphinxes
  A caustic shrike (Vaults:5)
  2 krakens
  Kirke (Lair:5)
  An ancient champion (Crypt:1)
  Roxanne (D:14)
  2 tengu reavers (Vaults:5)
  4 shadow dragons (Vaults:5)
  5 storm dragons (Vaults:5)
  Donald (Crypt:1)
  Ilsuiw (Shoals:4)
  3 frost giants
  4 fire giants
  An orc warlord (Vaults:4)
  9 deep elf sorcerers
  2 iron dragons (Vaults:5)
  3 ghost moths (Spider:4)
  Aizul (Shoals:3)
  3 emperor scorpions
  18 vault wardens
  16 ironheart preservers
  4 deep elf elementalists (Elf:3)
  Louise (D:14)
  7 stone giants
  An entropy weaver (shapeshifter) (Vaults:5)
  A very ugly thing (Vaults:5)
  Nessos (Lair:6)
  5 deep elf demonologists
  A vampire knight (Crypt:1)
  2 entropy weavers
  4 deep elf annihilators
  3 spark wasps (Spider:4)
  8 merfolk javelineers
  3 ettins
  16 deep elf death magi
  9 merfolk impalers
  A minotaur (shapeshifter) (Vaults:5)
  A crystal guardian (Vaults:2)
  3 fire dragons
  Josephine (Orc:1)
  A great orb of eyes (shapeshifter) (Vaults:5)
  4 deep elf high priests
  2 rakshasas
  2 ice dragons (Lair:2)
  4 great orbs of eyes
  5 hydras
  34 vault guards
  11 yaktaur captains
  2 merfolk avatars (Shoals:3)
  4 death knights
  6 centaur warriors
  2 catoblepae
  A ghost crab (Elf:2)
  33 dancing weapons
  5 merfolk aquamancers
  2 alligator snapping turtles
  20 ogre magi
  A satyr (Shoals:4)
  7 death yaks
  2 deep troll shamans (Vaults:4)
  A hellephant zombie (Crypt:1)
  4 deep troll earth magi
  Nergalle (Orc:1)
  Sonja (Orc:2)
  27 deep elf knights
  The ghost of Rationalist the Shield-Bearer, a novice MiFi of Trog (D:9)
  8 skeletal warriors
  3 shadow wraiths
  2 iron trolls
  4 giant orange brains
  3 unseen horrors
  15 deep trolls
  17 sea snakes
  A flayed ghost (Vaults:5)
  3 phantasmal warriors
  A wizard (D:15)
  A tengu zombie (Vaults:2)
  15 hill giants
  5 necromancers
  18 ironbrand convokers
  Pikel (D:10)
  22 deep elf archers
  79 deep elf magi
  16 harpies
  11 orc knights
  An orb spider (shapeshifter) (IceCv)
  12 orb spiders
  8 hornets
  29 wolf spiders
  14 ugly things
  18 griffons
  6 cyclopes
  A moth of wrath (Vaults:3)
  12 manticores
  11 fauns
  A salamander (shapeshifter) (Lair:2)
  6 orc sorcerers
  4 elephants (Lair:6)
  2 guardian serpents
  7 sirens
  A fire giant skeleton (Vaults:3)
  Psyche (D:8)
  7 water nymphs
  Joseph (D:8)
  2 torpor snails
  13 vault sentinels
  6 black mambas (Lair:6)
  A water nymph (shapeshifter) (Vaults:5)
  A spiny frog (shapeshifter) (Vaults:3)
  18 spiny frogs
  3 gargoyles
  3 komodo dragons
  A rime drake (shapeshifter) (Lair:1)
  6 rime drakes
  3 kobold demonologists
  11 demonic crawlers
  49 yaktaurs
  5 freezing wraiths
  6 human skeletons
  A tengu conjurer (D:15)
  34 merfolk
  A komodo dragon (shapeshifter) (D:15)
  A guardian mummy (Crypt:1)
  A troll (shapeshifter) (Vaults:4)
  6 meliai
  10 polar bears
  A queen bee (D:13)
  32 jumping spiders
  3 wind drakes (Shoals:4)
  6 trolls
  Grinder (D:4)
  13 blink frogs
  9 snapping turtles
  3 boulder beetles
  3 slime creatures (Vaults:1)
  35 two-headed ogres
  A human simulacrum (Vaults:2)
  A meliai zombie (D:12)
  3 air elementals
  77 redbacks
  An orc simulacrum (Vaults:3)
  10 wyverns
  A spriggan (D:9)
  A shadow (D:14)
  7 wraiths
  40 yaks
  36 tarantellas
  12 water elementals
  A hill giant zombie (D:11)
  A fire elemental (Elf:1)
  5 hogs (Lair:5)
  A golden eye (shapeshifter) (D:7)
  3 basilisks
  8 hippogriffs
  4 vampire mosquitoes (D:15)
  2 hungry ghosts (D:11)
  9 wargs
  A mottled dragon (shapeshifter) (Vaults:5)
  3 mottled dragons
  3 soldier ants
  A swamp worm (Spider:4)
  13 water moccasins
  7 porcupines
  26 orc warriors
  2 swamp drakes (Lair:6)
  A black bear (shapeshifter) (Vaults:2)
  6 human zombies
  16 ice beasts (Lair:2)
  4 sky beasts
  4 slaves (D:7)
  A black bear (D:12)
  A manticore zombie (Crypt:1)
  3 phantoms
  6 wasps
  62 ogres
  14 wolves
  9 boggarts (Vaults:3)
  24 centaurs
  14 crocodiles
  5 big kobolds
  16 giant frogs
  2 wyvern zombies
  3 earth elementals
  2 scorpions
  2 troll zombies (D:11)
  A cyclops skeleton (Crypt:1)
  31 killer bees
  5 wights (D:6)
  2 howler monkeys
  3 electric eels
  5 crimson imps
  4 centaur skeletons
  3 jellies
  13 orc priests
  4 hounds
  A giant frog skeleton (D:11)
  17 orc wizards
  A hell rat (Lair:6)
  A worker ant (shapeshifter) (Vaults:5)
  11 iguanas
  16 worker ants
  2 sheep
  3 ogre zombies (D:11)
  A hound zombie (D:6)
  A hound skeleton (D:6)
  10 mummies
  6 gnolls
  18 adders
  31 river rats
  4 shadow imps
  12 white imps (Orc:2)
  3 worms
  4 adder skeletons
  5 dart slugs
  5 giant geckos
  74 orcs
  4 ball pythons
  7 bats
  8 giant cockroaches
  3 gnoll zombies (Ossuary)
  12 hobgoblins
  8 jackals
  20 kobolds
  2 quokkas (D:2)
  4 giant newts
  9 goblins
  A goblin skeleton (D:11)
  2 goblin zombies (D:11)
  2 hobgoblin skeletons (D:11)
  3 hobgoblin zombies
  3 kobold zombies (Ossuary)
  13 orc zombies
  9 rats
  2 crawling corpses (Elf:1)
  16 plants
  7 tentacles
1916 creatures vanquished.

Vanquished Creatures (collateral kills)
  A shadow dragon (Vaults:5)
  A deep elf demonologist (Vaults:5)
  An ettin (Vaults:5)
  A deep elf high priest (Vaults:5)
  A dancing weapon (Elf:3)
  A hill giant (D:12)
  3 deep elf magi
  A vault sentinel (Vaults:4)
  A yaktaur (Vaults:4)
  3 merfolk
  A troll (Vaults:5)
  3 yaks
  A centaur (D:12)
  An adder zombie (D:7)
  An orc (D:13)
  3 kobolds (D:8)
24 creatures vanquished.

Vanquished Creatures (others)
  A centaur warrior (D:13)
  2 dancing weapons
  A death yak (IceCv)
  A deep elf knight (Elf:3)
  An unseen horror (Vaults:1)
  A deep elf archer (Elf:1)
  A deep elf mage (Elf:2)
  A hornet (Lair:6)
  A demonic crawler (Spider:3)
  A rime drake (Lair:2)
  2 polar bears (IceCv)
  A redback (Vaults:3)
  2 yaks
  A steam dragon (Lair:6)
  An orc (Vaults:5)
  11 fungi
  13 plants
  18 tentacles
60 creatures vanquished.

Grand Total: 2000 creatures vanquished

Notes
Turn   | Place    | Note
-------+----------+-------------------------------------------
     0 | D:1      | st0uf the Minotaur Chaos Knight began the quest for the Orb.
     0 | D:1      | Reached XP level 1. HP: 19/19 MP: 0/0
   218 | D:1      | XOM: harmless Erth miscast
   316 | D:1      | XOM: potion effect (might)
   397 | D:1      | XOM: god gift: scroll labeled RENAIL MEARUF {god gift}
   411 | D:1      | Reached skill level 4 in Axes
   411 | D:1      | Reached XP level 2. HP: 27/27 MP: 1/1
   685 | D:1      | Reached XP level 3. HP: 27/33 MP: 2/2
   956 | D:2      | XOM: god gift: 25 gold pieces
  1229 | D:2      | XOM is BORED!
  1229 | D:2      | XOM: medium Divn miscast
  1560 | D:2      | XOM: cloud trail
  1805 | D:3      | XOM: summons friendly quasit
  1823 | D:3      | Reached XP level 4. HP: 35/41 MP: 3/3
  1829 | D:3      | Reached skill level 5 in Fighting
  1953 | D:3      | Found a stormy altar of Qazlal.
  1959 | D:3      | Found a blossoming altar of Fedhas.
  2079 | D:3      | Found a radiant altar of Vehumet.
  2080 | D:3      | Found a burning altar of Makhleb.
  2099 | D:3      | Reached skill level 5 in Axes
  2099 | D:3      | Reached XP level 5. HP: 48/48 MP: 4/4
  2104 | D:3      | XOM: divination: detect creatures
  2187 | D:3      | XOM: potion effect (haste)
  2314 | D:3      | XOM: scenery: create altars
  2433 | D:3      | XOM: silly message
  2735 | D:4      | Found a hide-covered altar of Uskayaw.
  2738 | D:4      | XOM: potion effect (berserk rage)
  2905 | D:4      | Noticed Grinder
  2908 | D:4      | Paralysed by Grinder for 2 turns
  2910 | D:4      | XOM: confuse monster(s)
  2924 | D:4      | Killed Grinder
  2924 | D:4      | Reached skill level 6 in Axes
  2924 | D:4      | Reached XP level 6. HP: 52/57 MP: 5/5
  3009 | D:4      | XOM: scenery: create altars
  3011 | D:4      | Reached XP level 7. HP: 49/63 MP: 6/6
  3024 | D:4      | Reached skill level 1 in Shields
  3211 | D:4      | XOM: god gift: scroll labeled TIAL ANAOST {god gift}
  3410 | D:5      | Entered Level 5 of the Dungeon
  3411 | D:5      | Noticed a wyvern
  3426 | D:5      | Killed a wyvern
  3437 | D:5      | XOM: 6-stop teleportation journey
  3468 | D:5      | XOM: harmless Fire miscast
  3543 | D:5      | Found a sand-covered staircase.
  3550 | Ossuary  | Entered an ossuary
  3574 | Ossuary  | XOM: divination: magic mapping
  3582 | Ossuary  | Reached skill level 5 in Armour
  3598 | Ossuary  | Reached skill level 7 in Axes
  3607 | Ossuary  | XOM: enchant monster (bad)
  3854 | D:5      | You fall through a shaft!
  3864 | D:6      | Reached XP level 8. HP: 62/73 MP: 7/7
  3869 | D:6      | Found a staircase to the Ecumenical Temple.
  3890 | Temple   | Entered the Ecumenical Temple
  3945 | D:6      | Found an opulent altar of Gozag.
  3995 | D:6      | XOM: scenery: create altars
  3997 | D:6      | XOM: scenery: create altars
  4006 | D:6      | XOM: fog
  4041 | D:6      | Reached skill level 8 in Axes
  4269 | D:6      | XOM: scenery: create altars
  4281 | D:6      | XOM: potion effect (might)
  4669 | D:7      | XOM: harmless Chrm miscast
  4792 | D:7      | XOM: noise
  4824 | D:7      | Noticed Pikel
  4827 | D:7      | XOM: confuse monster(s)
  4828 | D:7      | XOM: blink monster(s)
  4830 | D:7      | XOM: enchant monster (good)
  4832 | D:7      | XOM: summons friendly ufetubus
  4835 | D:7      | XOM: confuse monster(s)
  4850 | D:7      | XOM: enchant monster (bad)
  4860 | D:7      | Reached skill level 9 in Axes
  4991 | D:7      | Reached XP level 9. HP: 74/81 MP: 8/8
  4997 | D:7      | XOM: cleaving
  5072 | D:7      | XOM: 2-stop teleportation journey
  5360 | D:8      | XOM: harmless Summ miscast
  5361 | D:8      | Noticed Erica
  5366 | D:8      | Reached skill level 5 in Shields
  5373 | D:8      | XOM: noise
  5375 | D:8      | Noticed Erica
  5376 | D:8      | Noticed Joseph
  5380 | D:8      | XOM: divination: magic mapping
  5461 | D:8      | Noticed Psyche
  5471 | D:8      | XOM: fog
  5478 | D:8      | Killed Psyche
  5488 | D:8      | Killed Joseph
  5551 | D:8      | Got an ichor-stained plate armour
  5552 | D:8      | Identified the +4 plate armour of Context {Int-5 Dex+6} (You found it on level 8 of the Dungeon)
  5574 | D:8      | XOM: mild Tmut miscast
  5614 | D:8      | XOM: enchant monster (good)
  5616 | D:8      | Reached skill level 10 in Axes
  5714 | D:8      | XOM: enchant monster (good)
  5746 | D:8      | XOM: enchant monster (good)
  6089 | D:8      | Found a glowing golden altar of the Shining One.
  6091 | D:8      | Found a sacrificial altar of Ru.
  6127 | D:9      | Found Beubrock's Antique Weapon Boutique.
  6148 | D:9      | Noticed Rationalist's ghost (novice MiFi)
  6148 | D:9      | XOM: confuse monster(s)
  6163 | D:9      | XOM: god gift: scintillating brass amulet {god gift}
  6164 | D:9      | Got a scintillating brass amulet {god gift}
  6166 | D:9      | Identified the amulet "Nievvac" {Gourm *Drain Str+10} (Xom gifted it to you on level 9 of the Dungeon)
  6179 | D:9      | Killed Rationalist's ghost
  6179 | D:9      | Reached XP level 10. HP: 60/91 MP: 9/9
  6251 | D:9      | XOM: silly message
  6662 | D:9      | Reached skill level 11 in Axes
  6715 | D:10     | Entered Level 10 of the Dungeon
  6953 | D:10     | Noticed a white ugly thing
  6960 | D:10     | XOM: harmless Pois miscast
  6966 | D:10     | Killed a white ugly thing
  7271 | D:10     | Found a staircase to the Lair.
  7296 | D:10     | Killed Pikel
  7570 | Lair:1   | Entered Level 1 of the Lair of Beasts
  7570 | Lair:1   | Noticed a spiny frog
  7570 | Lair:1   | Noticed a spiny frog
  7570 | Lair:1   | Noticed a spiny frog
  7654 | Lair:1   | XOM: 2-stop teleportation journey
  7655 | Lair:1   | Noticed a spiny frog
  7655 | Lair:1   | Noticed a spiny frog
  7661 | Lair:1   | Killed a spiny frog
  7661 | Lair:1   | Reached skill level 10 in Fighting
  7661 | Lair:1   | Reached skill level 12 in Axes
  7661 | Lair:1   | Killed a spiny frog
  7661 | Lair:1   | Reached skill level 5 in Dodging
  7664 | Lair:1   | XOM: enchant monster (bad)
  7665 | Lair:1   | XOM: summons 3 hostile shadow creatures
  7666 | Lair:1   | XOM: give mutations
  7666 | Lair:1   | Gained mutation: You are robust. (+10% HP) [Xom's grace]
  7666 | Lair:1   | Gained mutation: Your mind is acute. (Int +2) [Xom's grace]
  7666 | Lair:1   | Gained mutation: You have sharp toenails. [Xom's grace]
  7666 | Lair:1   | Gained mutation: You evolve. [Xom's grace]
  7670 | Lair:1   | Reached XP level 11. HP: 31/108 MP: 10/10
  8026 | Lair:1   | XOM: potion effect (invisibility)
  8316 | Lair:1   | Noticed a five-headed hydra
  8325 | Lair:1   | XOM: 1-stop teleportation journey
  8468 | D:10     | XOM: god gift: 8 needles of confusion
  8503 | D:11     | XOM: scenery: create altars
  8505 | D:11     | Noticed a hill giant
  8515 | D:11     | Reached skill level 10 in Armour
  8521 | D:11     | Killed a hill giant
  8549 | D:11     | XOM: snakes to sticks
  8553 | D:11     | XOM: summons 6 friendly demons
  8567 | D:11     | Reached skill level 13 in Axes
  8660 | D:11     | XOM: divination: detect creatures
  8668 | D:11     | XOM: fake destruction
  8686 | D:11     | Found a staircase to the Orcish Mines.
  8794 | D:11     | XOM: give mutations
  8794 | D:11     | Gained mutation: You are agile. (Dex +2) [Xom's mischief]
  8794 | D:11     | Gained mutation: You occasionally shout uncontrollably at your foes. [Xom's mischief]
  8803 | D:11     | Noticed a hill giant
  8804 | D:11     | XOM: swap monsters
  8813 | D:11     | Killed a hill giant
  8814 | D:11     | Killed a hill giant
  8852 | D:11     | XOM: mild Air miscast
  8869 | D:11     | Killed an unseen horror
  8881 | D:11     | Killed an unseen horror
  9022 | D:11     | XOM: harmless Chrm miscast
  9049 | D:11     | XOM: mild Ice miscast
  9141 | D:11     | XOM: noise
  9431 | D:11     | Noticed a hill giant
  9431 | D:11     | XOM: 1-stop teleportation journey
  9539 | D:11     | Noticed a hill giant
  9546 | D:11     | Killed a hill giant
  9546 | D:11     | Reached XP level 12. HP: 112/121 MP: 11/11
  9810 | Orc:1    | Entered Level 1 of the Orcish Mines
  9836 | Orc:1    | Found Suxaos's Gadget Shoppe.
  9924 | Orc:2    | Entered Level 2 of the Orcish Mines
  9968 | Orc:2    | Reached skill level 10 in Shields
  9977 | Orc:2    | Found a frozen archway.
  9985 | Orc:2    | XOM: confusion
 10003 | IceCv    | Entered an ice cave
 10010 | IceCv    | XOM: noise
 10017 | IceCv    | XOM: confusion
 10027 | IceCv    | Reached skill level 14 in Axes
 10125 | IceCv    | XOM: polymorph polar bear -> tarantella
 10130 | IceCv    | Noticed a death yak
 10146 | IceCv    | Banished a death yak
 10215 | IceCv    | XOM: cast spell 'Summon Ice Beast'
 10217 | IceCv    | XOM: cloud trail
 10270 | IceCv    | XOM: cast spell 'Hydra Form'
 10287 | IceCv    | XOM: summons 3 friendly demons
 10287 | IceCv    | XOM: smoke on damage
 10292 | IceCv    | Gained mutation: Your spells are a little easier to cast, but a little less powerful. [potion of mutation]
 10292 | IceCv    | Gained mutation: Your movements are slightly less encumbered by armour. (ER -2) [potion of mutation]
 10309 | IceCv    | Lost mutation: You evolve. [potion of cure mutation]
 10309 | IceCv    | Lost mutation: You are agile. (Dex +2) [potion of cure mutation]
 10309 | IceCv    | Lost mutation: You occasionally shout uncontrollably at your foes. [potion of cure mutation]
 10309 | IceCv    | Lost mutation: You are robust. (+10% HP) [potion of cure mutation]
 10310 | IceCv    | Gained mutation: You are somewhat resistant to further mutation. [potion of beneficial mutation]
 10682 | IceCv    | XOM: mild Summ miscast
 10723 | IceCv    | Noticed a frost giant
 10737 | IceCv    | Killed a frost giant
 10737 | IceCv    | Reached skill level 1 in Unarmed Combat
 10989 | IceCv    | XOM: divination: detect creatures
 11035 | Orc:2    | Noticed an ogre mage
 11050 | Orc:2    | Killed an ogre mage
 11080 | Orc:2    | Found a staircase to the Elven Halls.
 11104 | Orc:2    | Noticed an ogre mage
 11118 | Orc:2    | XOM: potion effect (haste)
 11121 | Orc:2    | Killed an ogre mage
 11121 | Orc:2    | Reached XP level 13. HP: 93/119 MP: 12/12
 11150 | Orc:2    | XOM: summons friendly ufetubus
 11166 | Orc:2    | Found Usav's Assorted Antiques.
 11166 | Orc:2    | Found Vah Anar's Magic Scroll Emporium.
 11170 | Orc:2    | Reached skill level 15 in Axes
 11176 | Orc:2    | Found Meushroh's Magic Scroll Emporium.
 11176 | Orc:2    | Found Jujont's Gadget Boutique.
 11178 | Orc:2    | XOM: noise
 11201 | Orc:2    | Bought a scroll of identify for 32 gold pieces
 11201 | Orc:2    | Bought a scroll of identify for 32 gold pieces
 11201 | Orc:2    | Bought a scroll of identify for 32 gold pieces
 11203 | Orc:2    | Bought 3 scrolls of identify for 66 gold pieces
 11203 | Orc:2    | Bought a scroll of identify for 22 gold pieces
 11203 | Orc:2    | Bought a scroll of teleportation for 33 gold pieces
 11203 | Orc:2    | Bought a scroll of blinking for 82 gold pieces
 11381 | Orc:2    | Noticed Sonja
 11391 | Orc:2    | XOM: confusion
 11399 | Orc:2    | Killed Sonja
 11503 | Orc:2    | XOM: noise
 11674 | Orc:2    | XOM: summons 6 hostile demons
 11705 | Orc:2    | XOM: noise
 11715 | Orc:2    | XOM: noise
 11788 | Orc:1    | Noticed Nergalle
 11809 | Orc:1    | Killed Nergalle
 11932 | Orc:1    | XOM: medium Chrm miscast
 11944 | Orc:1    | Noticed Josephine
 11956 | Orc:1    | XOM: stat loss: -1 Dex (15/16)
 11959 | Orc:1    | Killed Josephine
 12593 | D:12     | XOM: give mutation
 12593 | D:12     | Lost mutation: You have sharp toenails. [Xom's mischief]
 12657 | D:12     | XOM: harmless Necr miscast
 12778 | D:12     | XOM: draining
 12863 | D:13     | XOM: enchant monster (bad)
 12866 | D:13     | XOM: harmless Erth miscast
 13113 | D:13     | XOM: summons 1 hostile demon
 13124 | D:13     | XOM: severe Ice miscast
 13256 | D:13     | Reached skill level 16 in Axes
 13329 | D:13     | XOM: medium Erth miscast
 13337 | D:13     | XOM: blink monster(s)
 13399 | D:13     | XOM: smoke on damage
 13605 | D:13     | XOM: summons 2 friendly demons
 13628 | D:13     | Found a gate to the Vaults.
 13654 | D:13     | XOM: cast spell 'Summon Butterflies'
 13670 | D:13     | XOM: divination: magic mapping
 13694 | D:13     | XOM: confuse monster(s)
 13695 | D:13     | XOM: divination: detect creatures
 13792 | D:13     | Reached XP level 14. HP: 122/129 MP: 13/13
 13801 | D:13     | XOM: destruction
 14015 | D:14     | XOM: divination: magic mapping
 14202 | D:14     | Noticed Roxanne
 14204 | D:14     | XOM: mild Tloc miscast
 14214 | D:14     | XOM: medium Air miscast
 14387 | D:14     | Killed Roxanne
 14521 | D:14     | Noticed Louise
 14521 | D:14     | XOM: summons friendly iron imp
 14538 | D:14     | Killed Louise
 14686 | D:14     | XOM: noise
 14763 | D:15     | Entered Level 15 of the Dungeon
 14767 | D:15     | XOM: stat loss: -1 Dex (15/16)
 14846 | D:15     | XOM: mild Summ miscast
 14924 | D:15     | XOM: polymorph troll -> komodo dragon
 14939 | D:15     | XOM: blink monster(s)
 15023 | D:15     | Reached skill level 17 in Axes
 15036 | D:15     | XOM: summons 1 hostile demon
 15083 | D:15     | XOM: summons friendly white imp
 15194 | D:15     | Found a blossoming altar of Fedhas.
 15459 | D:15     | XOM: cast spell 'Call Canine Familiar'
 15499 | D:15     | Found a staircase to the Depths.
 15585 | D:15     | XOM: summons friendly crimson imp
 15590 | D:15     | XOM: cast spell 'Dispersal'
 15597 | D:15     | XOM: fog
 16005 | Lair:2   | XOM: god gift: glowing plate armour {god gift}
 16135 | Lair:2   | XOM: summons 7 hostile demons
 16155 | Lair:2   | XOM: summons 2 friendly demons
 16309 | Lair:2   | XOM: 3-stop teleportation journey
 16311 | Lair:2   | XOM: enchant monster (bad)
 16369 | Lair:2   | Found a staircase to the Shoals.
 16376 | Lair:2   | XOM: confusion (+ monsters)
 16635 | Lair:2   | Reached XP level 15. HP: 135/139 MP: 14/14
 16670 | Lair:2   | XOM: harmless Pois miscast
 16964 | Lair:3   | Found a hole to the Spider Nest.
 17175 | Lair:3   | Reached skill level 18 in Axes
 17285 | Lair:3   | XOM: harmless Conj miscast
 17319 | Lair:3   | XOM: mild Erth miscast
 17807 | Lair:4   | Noticed Rupert
 17809 | Lair:4   | XOM: potion effect (invisibility)
 17816 | Lair:4   | Killed Rupert
 17944 | Lair:4   | XOM: 4-stop teleportation journey
 17956 | Lair:4   | XOM: confusion (+ monsters)
 18295 | Lair:5   | XOM: divination: detect items
 18299 | Lair:5   | XOM: fog
 18350 | Lair:5   | Noticed Kirke
 18574 | Lair:5   | Reached skill level 1 in Evocations
 18724 | Lair:5   | Noticed a sphinx
 18726 | Lair:5   | XOM: summons 3 friendly demons
 18731 | Lair:5   | Killed Kirke
 18768 | Lair:6   | Entered Level 6 of the Lair of Beasts
 18775 | Lair:6   | XOM: snakes to sticks
 18836 | Lair:6   | Noticed Nessos
 18856 | Lair:6   | XOM: enchant monster (good)
 18866 | Lair:6   | Killed Nessos
 18926 | Lair:6   | XOM: cloud trail
 18937 | Lair:6   | XOM: medium Conj miscast
 19029 | Lair:6   | XOM: harmless Erth miscast
 19168 | Lair:6   | XOM: polymorph worker ant -> hell rat
 19170 | Lair:6   | XOM: medium Air miscast
 19176 | Lair:6   | XOM: confuse monster(s)
 19203 | Lair:6   | XOM: silly message
 19204 | Lair:6   | Reached skill level 15 in Shields
 19211 | Lair:6   | Reached skill level 15 in Fighting
 19213 | Lair:6   | XOM: divine lightning (protected)
 19262 | Lair:6   | Got an ancient battleaxe
 19263 | Lair:6   | Identified the +7 battleaxe "Govotibb" {flame, +Blink} (You found it on level 6 of the Lair of Beasts)
 19284 | Lair:6   | Found a runed door.
 19284 | Lair:6   | Found a viscous altar of Jiyva.
 19285 | Lair:6   | Noticed an acid blob
 19668 | Lair:6   | XOM: destruction
 19669 | Lair:6   | XOM: 4-stop teleportation journey
 19777 | Lair:6   | XOM: give mutations
 19777 | Lair:6   | Gained mutation: You passively map a small area around you. [Xom's grace]
 19777 | Lair:6   | Gained mutation: You are partially covered in slimy green scales. (AC +2) [Xom's grace]
 19777 | Lair:6   | Gained mutation: You have a pair of large horns on your head. [Xom's grace]
 19777 | Lair:6   | Gained mutation: Your system is resistant to poisons. (rPois) [Xom's grace]
 19827 | Lair:6   | Found a staircase to the Slime Pits.
 20003 | Lair:6   | XOM: polymorph basilisk -> harpy
 20010 | Lair:6   | Reached skill level 19 in Axes
 20020 | Lair:6   | XOM: summons 3 friendly demons
 20025 | Lair:6   | XOM: polymorph crimson imp -> white imp
 20086 | Lair:6   | XOM: silly message
 20104 | Lair:6   | XOM: give mutation
 20104 | Lair:6   | Lost mutation: You passively map a small area around you. [Xom's mischief]
 20284 | Spider:1 | Entered Level 1 of the Spider Nest
 20288 | Spider:1 | XOM: polymorph redback -> giant orange brain
 20356 | Spider:1 | XOM: mild Fire miscast
 20802 | Spider:1 | Reached XP level 16. HP: 139/149 MP: 16/16
 20848 | Spider:1 | XOM: summons friendly shadow imp
 21064 | Spider:1 | XOM: summons 2 hostile shadow creatures
 21139 | Spider:1 | XOM: mild Conj miscast
 21310 | Spider:2 | XOM: fog
 21313 | Spider:2 | XOM: polymorph entropy weaver -> four-headed hydra
 21329 | Spider:2 | XOM: cloud trail
 21450 | Spider:2 | XOM: blink monster(s)
 21544 | Spider:2 | XOM: 3-stop teleportation journey
 21851 | Spider:2 | XOM: give mutations
 21851 | Spider:2 | Lost mutation: Your spells are a little easier to cast, but a little less powerful. [Xom's mischief]
 21851 | Spider:2 | Gained mutation: You are partially covered in iridescent scales. (AC +2) [Xom's mischief]
 21851 | Spider:2 | Gained mutation: You are frail. (-10% HP) [Xom's mischief]
 21851 | Spider:2 | Lost mutation: You are frail. (-10% HP) [Xom's mischief]
 21857 | Spider:2 | XOM: severe Air miscast
 21984 | Spider:3 | XOM: summons 8 hostile demons
 22131 | Spider:3 | Noticed Bai Suzhen
 22140 | Spider:3 | XOM: blink monster(s)
 22151 | Spider:3 | Killed Bai Suzhen
 22151 | Spider:3 | Reached skill level 20 in Axes
 22151 | Spider:3 | Reached skill level 15 in Armour
 22163 | Spider:3 | Noticed Arachne
 22561 | Spider:3 | Killed Arachne
 22687 | Spider:3 | XOM: mild Erth miscast
 22814 | Spider:3 | XOM: harmless Pois miscast
 23154 | Spider:4 | Entered Level 4 of the Spider Nest
 23154 | Spider:4 | XOM: blink monster(s)
 23217 | Spider:4 | XOM: cast spell 'Disjunction'
 23262 | Spider:4 | XOM: potion effect (haste)
 23297 | Spider:4 | XOM: summons friendly white imp
 23429 | Spider:4 | XOM: summons 9 friendly demons
 23552 | Spider:4 | Reached XP level 17. HP: 77/161 MP: 0/17
 23599 | Spider:4 | XOM: divination: detect items
 23833 | Spider:4 | Got a gossamer rune of Zot
 23974 | Spider:4 | XOM: scenery: create altars
 23980 | Spider:4 | Reached skill level 21 in Axes
 24047 | Spider:4 | XOM: medium Conj miscast
 24050 | Spider:4 | XOM: repel stairs
 24074 | Spider:4 | XOM: enchant monster (bad)
 24081 | Spider:4 | XOM: stat loss: -1 Dex (16/17)
 24107 | Spider:4 | XOM: smoke on damage
 24207 | Spider:4 | XOM: noise
 24297 | Spider:4 | XOM: polymorph wolf spider -> swamp worm
 24497 | Elf:1    | Entered Level 1 of the Elven Halls
 24593 | Elf:1    | XOM: harmless Fire miscast
 24681 | Elf:1    | XOM: enchant monster (good)
 24690 | Elf:1    | XOM: enchant monster (bad)
 24695 | Elf:1    | XOM: potion effect (brilliance)
 24718 | Elf:1    | XOM: confuse monster(s)
 24857 | Elf:1    | XOM: scenery: create altars
 24941 | Elf:1    | XOM: confusion (+ monsters)
 25157 | Elf:1    | XOM: harmless Tloc miscast
 25232 | Elf:1    | XOM: harmless Tmut miscast
 25237 | Elf:1    | XOM: divination: magic mapping
 25239 | Elf:1    | Reached skill level 22 in Axes
 25239 | Elf:1    | XOM: cast spell 'Alistair's Intoxication'
 26079 | Elf:2    | XOM: give mutations
 26079 | Elf:2    | Gained mutation: You have sharp toenails. [Xom's grace]
 26079 | Elf:2    | Gained mutation: You are agile. (Dex +2) [Xom's grace]
 26189 | Elf:2    | XOM: god gift: robe {god gift}
 26391 | Elf:2    | Found a large runed door.
 26391 | Elf:2    | Found a large runed door.
 26419 | Elf:2    | Found a large runed door.
 26419 | Elf:2    | Found a large runed door.
 26621 | Elf:2    | XOM: potion effect (haste)
 26657 | Elf:2    | XOM: cast spell 'Shadow Creatures'
 26687 | Elf:2    | XOM: cleaving
 26689 | Elf:2    | XOM: confuse monster(s)
 26707 | Elf:2    | Reached XP level 18. HP: 129/173 MP: 18/18
 26851 | Elf:2    | XOM: cleaving
 26896 | Elf:2    | XOM: polymorph deep elf mage -> ghost crab
 26902 | Elf:2    | XOM: destruction
 26907 | Elf:2    | XOM: polymorph deep elf mage -> guardian serpent
 27070 | Elf:3    | Entered Level 3 of the Elven Halls
 27218 | Elf:2    | XOM: confuse monster(s)
 27394 | Elf:3    | Reached skill level 23 in Axes
 27445 | Elf:3    | XOM: polymorph deep elf sorcerer -> emperor scorpion
 27598 | Elf:3    | Noticed a Brimstone Fiend
 27619 | Elf:3    | XOM: 3-stop teleportation journey
 27775 | Elf:3    | XOM: divination: detect items
 27790 | Elf:3    | XOM: severe Hex miscast
 27911 | Elf:2    | XOM: harmless Chrm miscast
 28048 | Elf:2    | XOM: mild Tmut miscast
 28132 | Elf:3    | Got a crude trident {freeze}
 28133 | Elf:3    | Identified a scroll of acquirement
 28134 | Elf:3    | Identified the +5 trident "Hauwn" {freeze, rN++} (You found it on level 3 of the Elven Halls)
 28156 | Elf:3    | XOM: god gift: iron wand {god gift}
 28244 | Elf:3    | XOM: summons 10 friendly demons
 28256 | Elf:3    | Noticed an Ice Fiend
 28269 | Elf:3    | XOM: confuse monster(s)
 28271 | Elf:3    | XOM: cast spell 'Summon Small Mammal'
 28472 | Elf:2    | XOM: medium Pois miscast
 28670 | Elf:3    | Identified the Compendium of the Volcanoes
 28694 | Elf:3    | Identified the Catalogue of Air
 28714 | Elf:3    | Got a bloodstained plate armour
 28715 | Elf:3    | Identified the cursed +0 plate armour "Xunen" {*Confuse +Blink Int-4 Dex+9} (You took it off a deep elf high priest on level 3 of the Elven Halls)
 28846 | Elf:3    | XOM: enchant monster (good)
 29097 | Elf:3    | XOM: enchant monster (good)
 29188 | Elf:3    | XOM: smoke on damage
 29630 | Elf:3    | XOM: summons 5 friendly demons
 30145 | Shoals:1 | Entered Level 1 of the Shoals
 30180 | Shoals:1 | Reached XP level 19. HP: 166/183 MP: 19/19
 30417 | Shoals:1 | XOM: 4-stop teleportation journey
 30512 | Shoals:1 | XOM: 9-stop teleportation journey
 30848 | Shoals:1 | XOM: 9-stop teleportation journey
 30902 | Shoals:1 | XOM: give mutations
 30902 | Shoals:1 | Gained mutation: You are very agile. (Dex +4) [Xom's mischief]
 30902 | Shoals:1 | Gained mutation: You are occasionally teleported next to monsters. [Xom's mischief]
 30902 | Shoals:1 | Lost mutation: You have a pair of large horns on your head. [Xom's mischief]
 30903 | Shoals:1 | XOM: summons 1 hostile demon
 31107 | Shoals:2 | XOM: medium Summ miscast
 31226 | Shoals:2 | Noticed Polyphemus
 31226 | Shoals:2 | Noticed Polyphemus
 31226 | Shoals:2 | Polyphemus changed into Polyphemus the iron troll
 31226 | Shoals:2 | XOM: polymorph Polyphemus -> Polyphemus the iron troll
 31234 | Shoals:2 | Killed Polyphemus the iron troll
 31241 | Shoals:2 | Reached skill level 24 in Axes
 31367 | Shoals:2 | XOM: confuse monster(s)
 31421 | Shoals:2 | XOM: divination: magic mapping
 31442 | Shoals:2 | XOM: 2-stop teleportation journey
 31551 | Shoals:3 | XOM: blink monster(s)
 31657 | Shoals:3 | XOM: mild Tmut miscast
 31663 | Shoals:3 | XOM: god gift: 19 gold pieces
 31716 | Shoals:3 | Noticed Aizul
 31723 | Shoals:3 | Killed Aizul
 31779 | Shoals:3 | XOM: god gift: fan of gales
 31829 | Shoals:4 | XOM: stealth player
 31829 | Shoals:4 | Entered Level 4 of the Shoals
 31839 | Shoals:4 | XOM: summons friendly quasit
 32047 | Shoals:4 | XOM: noise
 32057 | Shoals:4 | XOM: mild Air miscast
 32073 | Shoals:4 | XOM: cast spell 'Spider Form'
 32323 | Shoals:3 | XOM: potion effect (curing)
 32507 | Shoals:4 | XOM: harmless Tloc miscast
 32548 | Shoals:4 | Noticed Ilsuiw
 32550 | Shoals:4 | XOM: potion effect (brilliance)
 32563 | Shoals:4 | XOM: summons 10 friendly demons
 32568 | Shoals:4 | Killed Ilsuiw
 32799 | Shoals:4 | XOM: god gift: 43 gold pieces
 32817 | Shoals:4 | XOM: 3-stop teleportation journey
 32980 | Shoals:4 | XOM: god gift: knobbly smoking staff {god gift}
 33040 | Shoals:4 | Got a clouded glass ring
 33041 | Shoals:4 | Identified the ring "Giprom" {rF+ MP+9 AC+3 Str+2} (You acquired it on level 4 of the Shoals)
 33097 | Shoals:4 | XOM: cleaving
 33125 | Shoals:4 | XOM: divination: detect creatures
 33243 | Shoals:4 | XOM: harmless Tmut miscast
 33251 | Shoals:4 | HP: 4/185 [faun/uncursed club[a satyr] (8)]
 33272 | Shoals:4 | XOM: confusion (+ monsters)
 33699 | Shoals:4 | XOM: enchant monster (bad)
 33706 | Shoals:4 | XOM: swap monsters
 33731 | Shoals:4 | Got a warped war axe
 33732 | Shoals:4 | Identified the +9 war axe of Urgency {chop, Dex+4} (You found it on level 4 of the Shoals)
 33787 | Shoals:4 | XOM: harmless Air miscast
 34367 | Shoals:4 | Got a barnacled rune of Zot
 34701 | Vaults:1 | Entered Level 1 of the Vaults
 34803 | Vaults:1 | XOM: noise
 34949 | Vaults:1 | Reached XP level 20. HP: 188/195 MP: 21/21
 35100 | Vaults:1 | XOM: confusion
 35288 | Vaults:1 | XOM: scenery: create altars
 35321 | Vaults:1 | Reached skill level 25 in Axes
 35370 | Vaults:1 | XOM: stat loss: -1 Dex (25/26)
 35479 | Vaults:1 | XOM: cleaving
 35481 | Vaults:1 | XOM: fake destruction
 35489 | Vaults:1 | Paralysed by an ogre mage for 2 turns
 36088 | Vaults:2 | XOM: enchant monster (good)
 36095 | Vaults:2 | Paralysed by a great orb of eyes for 6 turns
 36121 | Vaults:2 | XOM: cast spell 'Necromutation'
 36156 | Vaults:2 | Found a staircase to the Crypt.
 36156 | Vaults:2 | Found an ancient bone altar of Kikubaaqudgha.
 36156 | Vaults:2 | Found a basalt altar of Yredelemnul.
 36673 | Vaults:2 | XOM: god gift: 17 stones
 36747 | Vaults:2 | XOM: god gift: robe {god gift}
 37138 | Vaults:3 | XOM: enchant monster (good)
 37140 | Vaults:3 | XOM: summons friendly ufetubus
 37270 | Vaults:3 | Paralysed by a great orb of eyes for 6 turns
 37371 | Vaults:3 | XOM: cast spell 'Summon Ice Beast'
 37443 | Vaults:3 | XOM: enchant monster (good)
 37484 | Vaults:3 | XOM: mild Pois miscast
 37541 | Vaults:3 | XOM: polymorph vault sentinel -> moth of wrath
 37573 | Vaults:3 | XOM: noise
 37980 | Vaults:3 | XOM: divination: magic mapping
 37984 | Vaults:3 | XOM: enchant monster (bad)
 38106 | Vaults:4 | Reached skill level 26 in Axes
 38149 | Vaults:4 | Reached XP level 21. HP: 141/204 MP: 23/23
 38302 | Vaults:3 | XOM: medium Erth miscast
 38584 | Elf:2    | XOM: divine lightning
 38944 | Vaults:2 | XOM: harmless Divn miscast
 39083 | Vaults:4 | XOM: cast spell 'Summon Butterflies'
 39101 | Vaults:4 | XOM: potion effect (berserk rage)
 39135 | Vaults:4 | XOM: cast spell 'Spider Form'
 39157 | Vaults:4 | HP: 9/205 [deep elf annihilator/bolt of lightning (30)]
 39668 | Vaults:4 | XOM: mild Hex miscast
 39677 | Vaults:4 | XOM: divination: detect items
 39688 | Vaults:4 | Paralysed by a sphinx for 7 turns
 39714 | Vaults:4 | Found a deep blue altar of Sif Muna.
 39745 | Vaults:4 | XOM: blink monster(s)
 39751 | Vaults:4 | XOM: cast spell 'Shadow Creatures'
 39801 | Vaults:4 | XOM: mild Tloc miscast
 39807 | Vaults:4 | XOM: confusion
 39813 | Vaults:4 | XOM: harmless Divn miscast
 39881 | Vaults:4 | XOM: summons 1 hostile demon
 40002 | Vaults:4 | XOM: 5-stop teleportation journey
 40064 | Vaults:4 | XOM: mild Summ miscast
 40088 | Vaults:4 | XOM: polymorph stone giant -> iron troll
 40464 | Vaults:5 | Entered Level 5 of the Vaults
 40470 | Vaults:5 | XOM: potion effect (might)
 40717 | Vaults:4 | Reached skill level 27 in Axes
 40904 | Vaults:5 | XOM: repel stairs
 40907 | Vaults:5 | XOM: enchant monster (good)
 40917 | Vaults:5 | Paralysed by a sphinx for 2 turns
 40927 | Vaults:5 | Noticed a golden dragon
 40933 | Vaults:5 | XOM: mild Erth miscast
 40949 | Vaults:5 | XOM: summons friendly iron imp
 40952 | Vaults:5 | XOM: medium Air miscast
 40976 | Vaults:5 | Got a pitted spear
 40987 | Vaults:5 | XOM: confuse monster(s)
 40995 | Vaults:5 | XOM: cast spell 'Cause Fear'
 41008 | Vaults:5 | Reached XP level 22. HP: 70/216 MP: 24/24
 41016 | Vaults:5 | XOM: polymorph shadow dragon -> fire giant
 41133 | Vaults:5 | XOM: cleaving
 41150 | Vaults:5 | XOM: summons friendly white imp
 41152 | Vaults:5 | Identified the cursed +1 spear "Umubbol" {drain, rF+ Int+2 Stlth+} (You found it on level 5 of the Vaults)
 41158 | Vaults:5 | XOM: polymorph frost giant -> fire giant
 41180 | Vaults:5 | XOM: give mutations
 41180 | Vaults:5 | Gained mutation: Your flesh is heat resistant. (rF+) [Xom's grace]
 41180 | Vaults:5 | Gained mutation: Your flesh is cold resistant. (rC+) [Xom's grace]
 41350 | Vaults:5 | XOM: scenery: create altars
 41393 | Vaults:5 | XOM: polymorph brown very ugly thing -> caustic shrike
 41394 | Vaults:5 | XOM: potion effect (berserk rage)
 41402 | Vaults:5 | XOM: enchant monster (good)
 41415 | Vaults:5 | Noticed a golden dragon
 41417 | Vaults:5 | XOM: fog
 41420 | Vaults:5 | Killed a golden dragon
 41430 | Vaults:5 | Killed a golden dragon
 41435 | Vaults:5 | Identified the Handbook of Malediction and Evil
 41435 | Vaults:5 | XOM: 7-stop teleportation journey
 41443 | Vaults:5 | XOM: fog
 41533 | Vaults:5 | XOM: summons 4 friendly demons
 41773 | Vaults:5 | XOM: cleaving
 41781 | Vaults:5 | XOM: summons friendly rust devil
 41782 | Vaults:5 | XOM: cast spell 'Summon Mana Viper'
 41797 | Vaults:5 | XOM: summons friendly ufetubus
 41967 | Vaults:5 | Got a silver rune of Zot
 42088 | Vaults:5 | XOM: cleaving
 42109 | Vaults:5 | XOM: divination: magic mapping
 42111 | Vaults:5 | XOM: confuse monster(s)
 42116 | Vaults:5 | XOM: harmless Chrm miscast
 42227 | Vaults:5 | XOM: harmless Divn miscast
 42259 | Vaults:4 | XOM: give mutations
 42259 | Vaults:4 | Lost mutation: You are partially covered in iridescent scales. (AC +2) [Xom's mischief]
 42259 | Vaults:4 | Lost mutation: Your system is resistant to poisons. (rPois) [Xom's mischief]
 42277 | Vaults:5 | XOM: stat loss: -1 Int (5/6)
 42281 | Vaults:5 | XOM: blink monster(s)
 42366 | Vaults:3 | XOM: harmless Conj miscast
 42425 | Vaults:2 | XOM: silly message
 42655 | Elf:1    | Upgraded the game from 0.19-a0-1201-gda63bca to 0.19-a0-1210-g5c1aa26
 43004 | Vaults:5 | XOM: harmless Divn miscast
 43032 | Vaults:5 | Got a smoking ring mail
 43033 | Vaults:5 | Identified the +1 ring mail "Buakehont" {-Tele *Corrode +Fly rElec} (You found it on level 5 of the Vaults)
 43064 | Vaults:5 | Identified the Grimoire of the Evil Compass
 43129 | Vaults:5 | Got a steaming copper ring
 43130 | Vaults:5 | Identified the ring of Jeveiss {Fire Dex+4 Stlth+} (You took it off a tengu reaver on level 5 of the Vaults)
 43198 | Vaults:5 | XOM: divination: detect items
 43377 | Vaults:5 | XOM: cast spell 'Olgreb's Toxic Radiance'
 43658 | Vaults:5 | XOM: silly message
 43794 | Vaults:5 | XOM: potion effect (berserk rage)
 43799 | Vaults:5 | Reached skill level 10 in Dodging
 44059 | Crypt:1  | Entered Level 1 of the Crypt
 44248 | Crypt:1  | Reached XP level 23. HP: 209/228 MP: 25/25
 44281 | Crypt:1  | Noticed a greater mummy
 44284 | Crypt:1  | XOM: cast spell 'Call Canine Familiar'
 44290 | Crypt:1  | XOM: potion effect (heal wounds)
 44299 | Crypt:1  | Killed a greater mummy
 44322 | Crypt:1  | XOM: divination: magic mapping
 44348 | Crypt:1  | Noticed Donald
 44365 | Crypt:1  | Killed Donald
 44397 | Crypt:1  | Noticed Jorgrun
 44411 | Crypt:1  | Killed from afar by Jorgrun

Vault maps used:
D:1:      nagdon_arrival_double_spiral, minmay_misc_feat_pillars,
          minmay_circled_x
D:2:      first_bread
D:3:      grunt_temple_overflow_lords_of_destruction,
          grunt_temple_overflow_forces_of_nature, serial_bayou_crossing
D:4:      lemuel_crystal_altar, uniq_grinder
D:5:      chequers_ossuary_entry_cave, serial_shops, shop, uniq_menkaure,
          uniq_duvessa, uniq_crazy_yiuf_cottage
D:6:      lemuel_round_altar
D:7:      uniq_pikel
D:8:      nicolae_overflow_hidden_temple, uniq_erica, uniq_psyche, uniq_joseph
D:9:      serial_shops, nicolae_shop_waterfront, the_bakery
D:10:     lair_0_dummy, serial_glass, glass_columns_a, glass_columns_b,
          hangedman_abyss_or_decor_stagger
D:11:     zombieorc1_lemuel
D:13:     erik_vaults_1
D:14:     infiniplex_staircase_hallway_doors, uniq_louise, uniq_roxanne
D:15:     grunt_enter_depths_magical_seal, fedhas_altar_fruit_tree,
          corexii_hall_statues_x
Temple:   minmay_freezing_vapour_temple
Lair:1:   nicolae_quartered_pool_medium, beast_lair_carwin_2, grunt_megastairs_3
Lair:2:   elwin_shoals_entry_stream, minmay_guarded_unrand_chilly_death
Lair:3:   spider_nest_entry_funnel_web, serial_bayou_shore_b,
          serial_bayou_shore_b
Lair:4:   grunt_forest_small_clearing_treed, uniq_rupert
Lair:5:   lemuel_old_faithful, uniq_kirke
Lair:6:   hangedman_lair_tendril_chambers, guppyfry_lair_end_dragon,
          slime_altar_2, uniq_nessos
Shoals:2: uniq_polyphemus
Shoals:3: uniq_aizul
Shoals:4: shoals_end_simple, shoals_ilsuiw_ice
Spider:1: hangedman_spider_tarantella_strand
Spider:2: nicolae_spider_mines_1
Spider:3: uniq_arachne, uniq_bai_suzhen
Spider:4: spider_rune_water, spider_trap
Orc:1:    serial_shops, nicolae_shop_waterfront, uniq_nergalle, uniq_josephine
Orc:2:    st_orc_ogre_mass, portal_ice_cave_entry_imps, uniq_sonja
Elf:1:    minivault_28, st_stairs_11, minivault_19
Elf:2:    statue_in_the_mist_lemuel, nicolae_elf_v_pinch, st_stairs_8
Elf:3:    grunt_elf_hall_asides, corexii_checkpoint_a, basic_stair_grate_trap
Vaults:1: ontoclasm_vaults_chip, ontoclasm_vaults_ligature,
          nicolae_vaults_circle_grid_b, ontoclasm_vaults_shuriken, v_misc_1,
          nicolae_vaults_little_squares_6, ontoclasm_vaults_hangar, v_misc_15,
          v_pattern_1, vaults_dpeg_doors, vaults_dpeg_cross, vaults_mumra_lcd,
          nicolae_vaults_three_branches, ontoclasm_vaults_twist,
          vaults_mumra_hex
Vaults:2: nicolae_vaults_puzzle_piece, nicolae_vaults_ring_of_whatevers,
          minmay_crypt_entry_necro_gods, v_misc_18, hangedman_vaults_maws,
          vaults_mumra_bighexcomb, v_misc_2, nicolae_vaults_network_square,
          vaults_standard_mumra_x
Vaults:3: v_alt_pattern_6, ontoclasm_vaults_idyll
Vaults:4: v_misc_13, nicolae_vaults_triangles, serial_ice_b,
          nicolae_vaults_theta, hangedman_vaults_impose,
          ontoclasm_vaults_gateway, v_misc_5, hangedman_vaults_slither,
          v_rooms_4, v_pattern_5, ontoclasm_vaults_spin,
          vaults_mumra_chevron_long, basic_altar
Crypt:1:  grunt_crypt_arrival_guarded_gate, uniq_khufu, uniq_donald,
          uniq_jorgrun
Ossuary:  ossuary_tomb_3
IceCv:    ice_cave_caverns_03

Skill      XL: |  1  2  3  4  5  6  7  8  9 10 11 12 13 14 15 16 17 18 19 20 21 22 23 |
---------------+----------------------------------------------------------------------+-----
Axes           | 4 5 6 7 9 10 12 13 14 16 17 19 20 22 23 24 26 27 | 27.0
Fighting       | 4 5 6 7 9 10 11 12 13 14 15 17 18 19 20 21 22 23 | 23.8
Dodging        | 2 3 4 5 6 7 8 9 10 | 10.1
Armour         | 3 4 5 6 7 9 10 12 13 14 15 16 17 18 19 | 19.3
Shields        | 2 4 7 8 9 11 12 14 15 16 17 19 20 | 20.0
Unarmed Combat | 1 2 |  2.0
Evocations     | 1 2 3 4 |  4.0

Action                   |  1- 3 |  4- 6 |  7- 9 | 10-12 | 13-15 | 16-18 | 19-21 | 22-24 || total
-------------------------+-------+-------+-------+-------+-------+-------+-------+-------++-------
Melee: Hand axe          |   110 |   116 |   419 |   596 |  1041 |       |       |       ||  2282
       Headbutt          |    10 |    12 |   103 |   224 |   421 |   229 |   415 |   214 ||  1628
       Kick              |       |       |       |   283 |   123 |       |       |       ||   406
       Unarmed           |       |       |       |    17 |       |       |     7 |       ||    24
       Battleaxe         |       |       |       |       |   165 |   692 |   382 |       ||  1239
       Trident           |       |       |       |       |       |   179 |     9 |   441 ||   629
       War axe           |       |       |       |       |       |       |   773 |   181 ||   954
       Eveningstar       |       |       |       |       |       |       |     2 |       ||     2
       Punch             |       |       |       |       |       |       |       |     1 ||     1
 Abil: Evoke Flight      |       |       |       |       |       |       |    36 |       ||    36
       Evoke Blink       |       |       |       |       |       |       |     1 |       ||     1
Evoke: Wand              |       |       |       |       |    19 |       |     2 |       ||    21
       Rod               |       |       |       |       |       |     3 |     6 |       ||     9
  Use: Scroll            |     1 |       |     5 |    28 |    14 |     6 |    11 |    12 ||    77
       Potion            |       |       |       |     7 |     3 |     4 |     6 |     1 ||    21
 Stab: Confused          |       |     1 |     6 |     3 |     9 |     3 |     3 |     2 ||    27
       Paralysed         |       |       |     2 |    11 |    11 |       |       |       ||    24
       Petrified         |       |       |     1 |     4 |     2 |       |     3 |       ||    10
       Petrifying        |       |       |     1 |     4 |    15 |       |     9 |       ||    29
       Invisible         |       |       |     3 |    12 |       |       |       |       ||    15
       Distracted        |       |       |       |     3 |     1 |       |     1 |     4 ||     9
  Eat: Chunk             |     3 |     5 |     9 |    36 |    30 |    27 |    42 |    10 ||   162
       Royal jelly       |       |       |       |     1 |       |       |       |       ||     1
       Pizza             |       |       |       |       |     1 |     2 |     1 |       ||     4
       Meat ration       |       |       |       |       |       |       |       |     1 ||     1
Armor: Leather armour    |    26 |       |       |       |       |       |       |       ||    26
       Plate armour      |    14 |    56 |   175 |   148 |   317 |   546 |   566 |    99 ||  1921
       Skin              |       |       |       |    11 |       |       |       |       ||    11
Dodge: Dodged            |    44 |    28 |    57 |   169 |   298 |   513 |   653 |   115 ||  1877
Block: Shield            |       |    17 |   159 |   267 |   554 |       |   585 |   258 ||  1840
